 Dungeon Crawl Stone Soup version 0.20-a0-429-g054b1fe (webtiles) character file.

162 AlphabetPasta the Skirmisher (level 5, 0/45 HPs)
             Began as a Centaur Fighter on Jan 1, 2017.
             Slain by morfei's ghost (6 damage)
             ... on level 3 of the Dungeon.
             The game lasted 00:09:13 (2014 turns).

AlphabetPasta the Skirmisher (Centaur Fighter)      Turns: 2014, Time: 00:09:13

Health: 0/45       AC:  8    Str: 18    XL:     5   Next: 19%
Magic:  5/5        EV:  5    Int:  7    God:
Gold:   71         SH:  8    Dex: 10    Spells: 4/4 levels left

rFire  . . .     SeeInvis .     a - +1 war axe
rCold  . . .     Gourm    .     b - +0 scale mail
rNeg   . . .     Faith    .     c - +0 shield
rPois  .         Spirit   .     (no helmet)
rElec  .         Reflect  .     (no cloak)
rCorr  .         Harm     .     i - +1 pair of gloves
MR     .....                    (no barding)
Stlth  ..........               (no amulet)
                                (no ring)
                                (no ring)

@: very quick
A: hooves 3, deformed body, speed 2, tough skin 3
a: no special abilities


You were on level 3 of the Dungeon.
You were not hungry.

You visited 1 branch of the dungeon, and saw 3 of its levels.

You collected 71 gold pieces.

Inventory:

Hand Weapons
 a - a +1 war axe (weapon)
Missiles
 e - 35 arrows
Armour
 b - a +0 scale mail (worn)
 c - a +0 shield (worn)
 i - a +1 pair of gloves (worn)
Jewellery
 h - an uncursed ring of magical power {unknown}
 j - a cursed -3 ring of strength {unknown}
 l - an uncursed ring of protection from cold {unknown}
 r - a cursed ring of protection from cold {unknown}
Potions
 d - a potion of might
 k - a potion of lignification {unknown}
 m - 2 potions of haste
 n - a potion of brilliance {unknown}
 t - a potion of mutation {unknown}
Comestibles
 f - 2 bread rations
 g - a chunk of flesh
 o - 3 meat rations
 s - a beef jerky


   Skills:
 + Level 3.6 Fighting
 * Level 3.3 Axes
 + Level 2.9 Armour
 + Level 1.3 Dodging
 - Level 2.1 Shields


You had 4 spell levels left.
You didn't know any spells.

Dungeon Overview and Level Annotations

Branches:
Dungeon (3/15)

Altars:

Annotations:
D:3 morfei's ghost, amateur HOHu


Innate Abilities, Weirdness & Mutations

You have hooves in place of feet.
Armour fits poorly on your strangely shaped body.
You cover ground very quickly.
You have extremely tough skin. (AC +3)


Message History

You closely miss morfei's ghost. Your kick misses morfei's ghost.
Morfei's ghost is severely damaged.
Morfei's ghost hits you!
Morfei's ghost hits you but does no damage.
You closely miss morfei's ghost. You kick morfei's ghost.
Morfei's ghost is severely damaged.
Morfei's ghost hits you!
You closely miss morfei's ghost.
Morfei's ghost is severely damaged.
Morfei's ghost hits you.
You hit morfei's ghost.
Morfei's ghost is almost destroyed.
Morfei's ghost hits you but does no damage.
Morfei's ghost hits you!
* * * LOW HITPOINT WARNING * * *
You hit morfei's ghost but do no damage.
Morfei's ghost is almost destroyed.
Morfei's ghost says, "There is no future for me!"
Morfei's ghost hits you.
You die...

.....##..##.###
...............
..#.###.#......
..#. #.##>....
....# #.# .....
.....##.##.....
#......#.###.
#...รท....#
#...W@..##
....#.?[.......
###..#.#####...
##... .. ##.. .
#.. ###


You could see morfei's ghost.

Vanquished Creatures
  Natasha (thrice) (D:2)
  2 adders (D:2)
  A gnoll (D:1)
  An ooze (D:1)
  4 leopard geckos
  An orc (D:3)
  6 bats
  5 giant cockroaches
  5 hobgoblins
  7 kobolds
  2 quokkas (D:2)
  A ball python (D:1)
  4 frilled lizards
  8 goblins
  8 rats
58 creatures vanquished.

Notes
Turn   | Place    | Note
-------+----------+-------------------------------------------
     0 | D:1      | AlphabetPasta the Centaur Fighter began the quest for the Orb.
     0 | D:1      | Reached XP level 1. HP: 19/19 MP: 1/1
    79 | D:1      | Reached XP level 2. HP: 17/26 MP: 2/2
   476 | D:1      | Reached XP level 3. HP: 23/31 MP: 3/3
   995 | D:2      | Reached skill level 1 in Dodging
  1102 | D:2      | Noticed Natasha
  1108 | D:2      | Killed Natasha
  1108 | D:2      | Reached XP level 4. HP: 33/38 MP: 4/4
  1158 | D:2      | Noticed Natasha
  1171 | D:2      | Killed Natasha
  1497 | D:2      | Noticed Natasha
  1504 | D:2      | Killed Natasha
  1504 | D:2      | Reached XP level 5. HP: 27/45 MP: 5/5
  1639 | D:3      | Noticed morfei's ghost (amateur HOHu)
  2014 | D:3      | Slain by morfei's ghost

Vault maps used:
D:1:      lemuel_arrival_lava_pool, wad_floor_pattern_2
D:2:      uniq_natasha
D:3:      uniq_sigmund

Skill      XL: |  1  2  3  4 |
---------------+-------------+-----
Axes           | 2 3 |  3.3
Dodging        | 1 |  1.3
Fighting       | |  3.6
Armour         | |  2.9
Shields        | |  2.1

Action                   |  1- 3 |  4- 6 || total
-------------------------+-------+-------++-------
Melee: War axe           |   113 |    86 ||   199
       Kick              |    22 |    14 ||    36
  Use: Scroll            |     4 |     4 ||     8
  Eat: Chunk             |       |     3 ||     3
Armor: Scale mail        |    48 |    38 ||    86
Dodge: Dodged            |    29 |    21 ||    50
Block: Shield            |    40 |    42 ||    82
